 Dungeon Crawl Stone Soup version 0.31-a0-370-g25055926c8 (webtiles) character file.

Game seed: 9002936463337333063

339868 MacCMillion the Warrior (level 21, -3/183 (201) HPs)
             Began as a Yellow Draconian Shapeshifter on July 29, 2023.
             Was a High Priest of Qazlal.
             Slain by a deep troll (18 damage)
             ... on level 1 of the Depths.
             The game lasted 02:05:28 (53264 turns).

MacCMillion the Warrior (DrSh)                     Turns: 53264, Time: 02:05:29

HP:   -3/183 (201)  AC: 18    Str: 23    XL:     21   Next: 5%
MP:   24/33         EV: 21    Int: 10    God:    Qazlal [*****.]
Gold: 5416          SH:  6    Dex: 16    Spells: 20/20 levels left

rFire   + .          .
                       - Unarmed
rCold   + + +        (shield currently unavailable)
rNeg    . . .        (body armour unavailable)
rPois   +            Y - +2 hat
rElec   .            K - +0 cloak
rCorr   +            (gloves currently unavailable)
SInv    +            Q - +0 pair of boots
Will    ++...        O - amulet of regeneration
Stlth   +            B - ring "Roteiveq" {rPois rF+ rC+++ Slay+2 SInv}
HPRegen 1.30/turn    w - ring of willpower
MPRegen 0.23/turn

%: repel missiles
@: blade hands, protected from physical damage, drained
A: spit acid, AC +11, unfitting armour, acidic bite, cold-blooded, acid
resistance
}: 2/15 runes: decaying, gossamer
a: Breathe Acid, Begin Untransformation, Renounce Religion, Upheaval, Elemental
Force, Disaster Area


You were on level 1 of the Depths.
You worshipped Qazlal.
Qazlal was extremely pleased with you.
You had blades for hands.
You visited 8 branches of the dungeon, and saw 38 of its levels.
You visited 1 bazaar.
You also visited: Sewer and Volcano.

You collected 6404 gold pieces.
You spent 988 gold pieces at shops.

Inventory:

Missiles
 k - 3 throwing nets
 V - a curare-tipped dart
Armour
 i - the +0 pair of gloves of Dithmenos {Drain rPois rN+++ Stlth+}
   (You bought it in a shop in a bazaar)

   rPois:     It protects you from poison.
   rN:        It renders you almost immune to negative energy.
   Drain:     It drains your maximum health when unequipped.
   Stlth:     It makes you more stealthy.
 K - a +0 cloak (worn)
 Q - a +0 pair of boots (worn)
 X - a +0 hat of see invisible
 Y - a +2 hat (worn)
Jewellery
 b - the ring of Gearinli {rPois rN+ Dex+4 Stlth-}
   (You took it off a vault sentinel on level 2 of the Vaults)

   [ring of poison resistance]

   Dex:       It affects your dexterity (+4).
   rPois:     It protects you from poison.
   rN:        It protects you from negative energy.
   Stlth:     It makes you less stealthy.
 h - a +5 ring of evasion
 s - a ring of protection from cold
 w - a ring of willpower (right blade hand)
 B - the ring "Roteiveq" (left blade hand) {rPois rF+ rC+++ Slay+2 SInv}
   (You found it on level 2 of the Elven Halls)

   [ring of see invisible]

   Slay:      It affects your accuracy & damage with ranged weapons and melee
   (+2).
   rF:        It protects you from fire.
   rC:        It renders you almost immune to cold.
   rPois:     It protects you from poison.
   SInv:      It lets you see invisible.
 C - the ring "Pyrujiul" {AC+4 Dex+5}
   (You acquired it on level 3 of the Spider Nest)

   [ring of protection]

   AC:        It affects your AC (+4).
   Dex:       It affects your dexterity (+5).
 F - a +6 ring of strength
 H - a ring of see invisible
 O - an amulet of regeneration (around neck)
 S - a ring of positive energy
 U - a +6 ring of dexterity
Talismans
 I - a blade talisman
Wands
 v - a wand of mindburst (35)
 x - a wand of roots (58)
 J - a wand of digging (38)
 W - a wand of charming (30)
Scrolls
 f - 7 scrolls of teleportation
 g - 6 scrolls of amnesia
 j - 6 scrolls of butterflies
 l - 5 scrolls of torment
 m - 9 scrolls of enchant weapon
 o - 8 scrolls of fog
 p - 6 scrolls of immolation
 y - 7 scrolls of fear
 D - 3 scrolls of silence
 G - 8 scrolls of blinking
 M - 7 scrolls of revelation
 N - 6 scrolls of poison
 P - 3 scrolls of enchant armour
 R - 7 scrolls of vulnerability
 Z - 3 scrolls of brand weapon
Potions
 a - 3 potions of lignification
 c - 8 potions of heal wounds
 d - 11 potions of enlightenment
 e - 5 potions of attraction
 n - 7 potions of ambrosia
 q - 9 potions of curing
 r - 6 potions of mutation
 t - 7 potions of might
 u - 4 potions of resistance
 z - 3 potions of magic
 A - 3 potions of haste
 E - 6 potions of cancellation
 L - 5 potions of berserk rage
 T - 6 potions of brilliance


   Skills:
 - Level 20.0 Fighting
 + Level 15.6 Dodging
 - Level 18.0 Unarmed Combat
 - Level 17.0 Invocations
 + Level 17.4 Shapeshifting


You had 20 spell levels left.
You didn't know any spells.
Your spell library contained the following spells:

 Spells                   Type           Power      Damage    Failure   Level
 Magic Dart               Conj           0%         1d3       78%         1
 Sandblast                Erth           0%         2d4       78%         1
 Shock                    Conj/Air       0%         1d3       78%         1
 Call Imp                 Summ           0%         N/A       87%         2
 Ensorcelled Hibernation  Hex/Ice        0%         N/A       87%         2
 Passwall                 Tmut/Erth      0%         N/A       87%         2
 Hailstorm                Conj/Ice       0%         3d3       97%         3
 Mephitic Cloud           Conj/Pois/Air  0%         N/A       97%         3
 Stone Arrow              Conj/Erth      0%         3d7       97%         3
 Swiftness                Air            0%         N/A       97%         3
 Volatile Blastmotes      Fire/Tloc      0%         2d10      97%         3
 Airstrike                Air            0%         2d(0-16)  100%        4
 Anguish                  Hex/Necr       0%         N/A       100%        4
 Fulminant Prism          Conj/Hex       0%         3d5       100%        4
 Iskenderun's Mystic Bla  Conj/Tloc      0%         2d3       100%        4
 Olgreb's Toxic Radiance  Pois           0%         N/A       100%        4
 Summon Ice Beast         Ice/Summ       0%         N/A       100%        4
 Summon Lightning Spire   Summ/Air       0%         N/A       100%        4
 Lee's Rapid Deconstruct  Erth           0%         3d4*      100%        5
 Simulacrum               Ice/Necr       0%         N/A       100%        6
 Discord                  Hex            0%         N/A       100%        8
 Ignition                 Fire           0%         3d3       100%        8
 Animate Armour           Summ/Erth      Unusable   N/A       N/A         4

Dungeon Overview and Level Annotations

Branches:
Dungeon (15/15)            Temple (0/1) D:7            Lair (5/5) D:8
  Swamp (4/4) Lair:2       Spider (4/4) Lair:2        Slime (0/5) Lair:4
    Orc (2/2) D:10            Elf (2/3) Orc:2        Vaults (5/5) D:14
  Crypt (0/3) Vaults:3     Depths (1/4) D:15          Sewer (visited)
Volcano (visited)

Altars:
Dithmenos
Hepliaklqana
Kikubaaqudgha
Qazlal
Ru
Trog
Uskayaw
Vehumet
Wu Jian
Xom
Yredelemnul
Zin
Jiyva

Shops:
D:1 !   D:11 *   Orc:2 (*:*   Vaults:2 *

Portals:
Pandemonium: Orc:2
Trove: Vaults:1 (show slimy rune of Zot)

Annotations:
D:7 1 runed translucent door, bdfhjk's ghost, novice DEFE
Lair:5 3 runed translucent doors, blacky4's ghost, journeyman DjCj
Swamp:2 1 runed translucent door, soonmide's ghost, journeyman GnHs
Spider:4 2 transporters, Gilette's ghost, adept MiFi; Olga's ghost, adept TrHW
Orc:2 3 runed translucent doors, MacCMillion's ghost, journeyman MfSh
Elf:2 3 runed translucent doors


Innate Abilities, Weirdness & Mutations

You have blades for hands.
Your spellcasting is less reliable in this form.
You are incapable of wielding weapons or throwing items.
You can spit globs of acid.
Your golden yellow scales are hard. (AC +11)
You cannot fit into any form of body armour.
You have acidic saliva.
You are cold-blooded and may be slowed by cold attacks.
You are resistant to acid. (rCorr)


Message History

The necromancer barely misses you.
The necromancer casts a spell.
The necromancer binds the souls of nearby monsters.
You block the deep troll's attack. The deep troll closely misses you. x2
The hell knight hits you with a +2 scimitar of draining.
* * * LOW HITPOINT WARNING * * *
You feel drained. The deep troll earth mage bites you!
* * * LOW HITPOINT WARNING * * *
You feel more protected from physical attacks.
The deep troll earth mage claws you.
* * * LOW HITPOINT WARNING * * *
The deep troll earth mage barely misses you.
The deep troll closely misses you. x2; The deep troll misses you.
Your fire elemental closely misses the deep troll.
Unknown command.
The hell knight is asphyxiated!
Your air elemental closely misses the necromancer.
Your air elemental fires a burst of electricity at the hell knight.
The stunning burst hits the hell knight!
The hell knight is paralysed.
The stunning burst misses your fire elemental.
The stunning burst misses the deep troll.
The stunning burst hits the iron troll!
The iron troll is paralysed.
Your air elemental hits the necromancer.
Your air elemental hits the hell knight.
The hell knight prays to its god.
The hell knight blinks!
The hell knight hits you from afar with a +4 halberd.
* * * LOW HITPOINT WARNING * * *
You feel more protected from physical attacks.
Your water elemental completely misses the hell knight.
Your earth elemental hits the deep troll earth mage!!
The deep troll earth mage dies!
Qazlal accepts your kill.
A freezing mist starts to gather...
Your air elemental barely misses the necromancer.
Your fire elemental barely misses the deep troll.
Your air elemental hits the hell knight!
The necromancer misses you. The deep troll bites you!!
You die...

##.....##
#####.......#
..#......... .
#...........
..##..Z........
##...QE..Ep....
#....°.pp§.....
.....DT@☼p.....
..T...TEpE.....
......°.E○.....
>..............
...............
...............
..........#....
#..####..###...


You could see a fire dragon (soul bound), an iron troll (paralysed), 3 hell
knights, a tengu warrior (soul bound), 2 deep trolls, 2 necromancers, a deep
troll earth mage simulacrum, a friendly earth elemental (summoned), a friendly
water elemental (summoned), a friendly fire elemental (summoned) and 2 friendly
air elementals.

Vanquished Creatures
  Boris (Vaults:2)
  Arachne (Spider:2)
  Asterion (Elf:1)
  Frances (Elf:1)
  2 sphinxes
  3 thorn hunters (Swamp:4)
  2 fenstrider witches
  Roxanne (Swamp:2)
  Donald (Elf:1)
  A fenstrider witch (shapeshifter) (Vaults:4)
  10 vault wardens
  5 ghost moths
  5 emperor scorpions
  22 ironbound preservers
  5 orc warlords
  A war gargoyle (Vaults:3)
  5 ironbound thunderhulks
  A formless jellyfish (Vaults:2)
  2 broodmothers (Spider:1)
  A spark wasp (shapeshifter) (Elf:1)
  4 bunyips
  15 dire elephants
  A deep elf demonologist (Elf:1)
  5 eleionomae
  2 deep elf annihilators (Elf:2)
  5 spark wasps
  2 crystal guardians (Vaults:1)
  A deep elf high priest (Elf:1)
  8 yaktaur captains
  4 entropy weavers
  A ghost crab (Swamp:3)
  6 great orbs of eyes
  A rakshasa (D:15)
  9 vault guards
  25 hydras
  A peacekeeper (Vaults:1)
  2 demonspawn (Orc:2)
  16 centaur warriors
  Erica (Orc:1)
  9 boulder beetles
  6 radroaches
  5 alligators
  12 ironbound frosthearts
  6 catoblepae
  2 jorogumos
  6 death yaks (Lair:5)
  5 tengu warriors
  6 two-headed ogres
  10 dancing weapons
  7 demonic crawlers
  A death scarab (Spider:1)
  6 orc high priests (Orc:2)
  Urug (D:14)
  A hell knight (Vaults:4)
  5 deep elf knights
  Nergalle (D:10)
  A sixfirhy (Orc:2)
  2 skeletal warriors (Volcano)
  A fire crab (shapeshifter) (D:14)
  8 pharaoh ants
  10 swamp dragons
  2 goliath frogs
  42 deep trolls
  4 spriggan druids
  2 wizards (Vaults:2)
  14 deep elf archers
  19 orb spiders
  A necromancer (Vaults:4)
  4 harpies (Vaults:3)
  4 bog bodies
  An orange crystal statue (D:10)
  17 deep elf zephyrmancers
  A harpy (shapeshifter) (Elf:2)
  10 lindwurms
  12 steelbarb worms
  10 ironbound convokers
  18 deep elf pyromancers
  16 orc knights
  22 wolf spiders
  A cyclops (D:13)
  Pikel (D:6)
  A salamander (D:15)
  16 ugly things
  4 will-o-the-wisps
  6 orc sorcerers
  7 manticores
  A moth of wrath (Spider:4)
  28 elephants
  A stone giant skeleton (Vaults:4)
  A human skeleton (Vaults:4)
  A smoke demon (Orc:2)
  13 vault sentinels
  2 torpor snails
  3 black mambas
  4 gargoyles
  16 cane toads
  An unseen horror (D:12)
  Maggie (D:7)
  A rime drake (shapeshifter) (D:10)
  5 komodo dragons
  3 rime drakes (Swamp:4)
  12 yaktaurs
  3 kobold demonologists
  An efreet (D:13)
  An ice devil (Orc:2)
  3 tengu conjurers
  A yaktaur skeleton (Vaults:4)
  A freezing wraith (D:15)
  7 trolls
  3 polar bears
  7 tyrant leeches
  23 tarantellas
  13 hornets
  2 harpy skeletons (Volcano)
  12 blink frogs
  A raiju (shapeshifter) (Elf:2)
  43 jumping spiders
  5 wyverns
  A slime creature (shapeshifter) (Vaults:3)
  23 culicivoras
  3 flying skulls (Volcano)
  21 slime creatures
  A shadow (D:9)
  83 yaks
  7 spriggans
  4 wraiths
  A water elemental (Elf:2)
  An alligator skeleton (Volcano)
  2 fire elementals (Elf:2)
  16 humans (D:14)
  3 basilisks
  10 vampire mosquitoes
  A steam dragon (D:6)
  60 redbacks
  A neqoxec (Orc:2)
  2 acid dragons
  A water moccasin (shapeshifter) (Elf:2)
  11 swamp worms
  Duvessa (D:7)
  22 water moccasins
  5 swamp drakes
  34 orc warriors
  An ice beast (D:6)
  3 black bears
  A sky beast (D:7)
  10 boggarts
  5 ogres
  An ogre (shapeshifter) (D:15)
  22 centaurs
  15 wolves
  4 phantoms
  8 kobold brigands
  Blork the orc (D:6)
  12 bullfrogs
  A gnoll sergeant (D:13)
  2 scorpions (D:6)
  An earth elemental (Elf:1)
  9 wights
  Dowan (D:7)
  4 killer bees (D:7)
  5 electric eels
  2 vampire bats (Orc:2)
  2 troll skeletons (Volcano)
  7 howler monkeys
  A crimson imp (Orc:1)
  6 lava snakes (D:10)
  A hound (D:5)
  4 jellies (Lair:4)
  A gnoll bouda (D:6)
  25 orc priests
  An iron imp (Orc:1)
  6 hell rats (Lair:4)
  6 iguanas
  24 orc wizards
  17 gnolls
  13 adders
  A shadow imp (Orc:1)
  A white imp (Orc:1)
  An ufetubus (D:6)
  2 worms (D:2)
  4 dart slugs
  83 orcs
  7 endoplasms
  8 giant cockroaches
  10 goblins
  7 hobgoblins
  6 jackals
  6 quokkas
  3 ball pythons
  9 bats
  A frilled lizard (D:3)
  30 kobolds
  9 rats
  A spectral orc (D:4)
1470 creatures vanquished.

Vanquished Creatures (collateral kills)
  An emperor scorpion (Spider:4)
  An ironbound preserver (Vaults:3)
  2 ironbound thunderhulks
  A spark wasp (Spider:4)
  A yaktaur captain (Vaults:4)
  A vault guard (Vaults:3)
  A hydra (Swamp:3)
  A deep troll earth mage (Depths:1)
  A swamp dragon (Swamp:3)
  5 deep trolls
  A deep elf archer (Elf:2)
  An orc knight (Vaults:3)
  A deep elf pyromancer (Elf:2)
  A deep elf zephyrmancer (Elf:2)
  2 yaktaurs
  2 tarantellas (Spider:2)
  2 tyrant leeches
  A slime creature (Vaults:3)
  A jumping spider (Spider:2)
  2 vampire mosquitoes (Swamp:2)
29 creatures vanquished.

Vanquished Creatures (others)
  A deep elf knight (Elf:2)
  A deep elf pyromancer (Elf:2)
  A wizard (D:10)
  2 bloated husks
  A water elemental (Elf:1)
  A yak (Lair:2)
  A swamp drake (Orc:1)
  An orc (Orc:1)
  8 foxfires
17 creatures vanquished.

Grand Total: 1516 creatures vanquished

Notes
Turn   | Place    | Note
-------+----------+-------------------------------------------
     0 | D:1      | MacCMillion the Draconian Shapeshifter began the quest for
                  | the Orb.
     0 | D:1      | Reached XP level 1. HP: 16/16 MP: 1/1
   160 | D:1      | Found Poosevago's Distillery.
   172 | D:1      | Reached XP level 2. HP: 23/23 MP: 2/2
   673 | D:1      | Found a faded altar of an unknown god.
   783 | D:1      | Reached skill level 2 in Fighting
   903 | D:2      | Reached XP level 3. HP: 29/29 MP: 3/3
  1358 | D:2      | Reached XP level 4. HP: 37/37 MP: 4/4
  1997 | D:3      | Noticed an ogre
  2015 | D:3      | Killed an ogre
  2016 | D:3      | Reached skill level 3 in Fighting
  2016 | D:3      | Reached skill level 5 in Unarmed Combat
  2016 | D:3      | Reached XP level 5. HP: 45/45 MP: 5/5
  2381 | D:3      | Reached XP level 6. HP: 47/52 MP: 6/6
  2433 | D:3      | Found a shadowy altar of Dithmenos.
  2613 | D:3      | Found a stormy altar of Qazlal.
  2693 | D:3      | Became a worshipper of Qazlal Stormbringer
  2887 | D:4      | Reached skill level 4 in Fighting
  3133 | D:4      | Found a hazy altar of Hepliaklqana.
  3454 | D:5      | Entered Level 5 of the Dungeon
  3492 | D:5      | Your scales start taking on a golden yellow colour.
  3492 | D:5      | Reached XP level 7. HP: 60/60 MP: 7/7
  3492 | D:5      | Gained mutation: You are resistant to acid. (rCorr) [Yellow
                  | Draconian growth]
  3583 | D:5      | Reached * piety under Qazlal
  3629 | D:5      | Found a glowing drain.
  3633 | Sewer    | Entered a sewer
  3736 | Sewer    | Reached skill level 5 in Fighting
  4742 | D:6      | Reached skill level 6 in Fighting
  4742 | D:6      | Reached XP level 8. HP: 25/70 MP: 8/8
  4991 | D:6      | Noticed Blork the orc
  5203 | D:6      | Killed Blork the orc
  5551 | D:6      | Noticed Pikel
  5570 | D:6      | Killed Pikel
  5571 | D:6      | Reached skill level 7 in Fighting
  5571 | D:6      | Reached XP level 9. HP: 28/79 MP: 9/9
  5942 | D:6      | Reached ** piety under Qazlal
  6123 | D:6      | Found a shimmering altar of Xom.
  6531 | D:7      | Noticed Maggie
  6538 | D:7      | Killed Maggie
  6547 | D:7      | Reached skill level 5 in Shapeshifting
  6549 | D:7      | Reached skill level 8 in Fighting
  6676 | D:7      | Found a runed translucent door.
  6677 | D:7      | Noticed bdfhjk's ghost (novice DEFE)
  6907 | D:7      | Found a hide-covered altar of Uskayaw.
  6947 | D:7      | Found a glowing silver altar of Zin.
  7135 | D:7      | Reached skill level 5 in Dodging
  7162 | D:7      | Reached skill level 1 in Invocations
  7193 | D:7      | Found a sacrificial altar of Ru.
  7195 | D:7      | Found an ornate altar of the Wu Jian Council.
  7292 | D:7      | Found a staircase to the Ecumenical Temple.
  7413 | D:7      | Noticed Dowan
  7414 | D:7      | Noticed Duvessa
  7422 | D:7      | Killed Duvessa
  7440 | D:7      | Killed Dowan
  7878 | D:8      | Paralysed by a hornet for 1 turns
  7889 | D:7      | Reached XP level 10. HP: 44/89 MP: 11/13
  8179 | D:7      | Reached *** piety under Qazlal
  9032 | D:8      | Found a staircase to the Lair.
  9743 | D:9      | Reached skill level 5 in Invocations
 10005 | D:9      | Reached skill level 10 in Unarmed Combat
 10134 | D:9      | Reached skill level 9 in Fighting
 10199 | D:9      | Noticed a two-headed ogre
 10204 | D:9      | Killed a two-headed ogre
 10447 | D:10     | Entered Level 10 of the Dungeon
 11180 | D:10     | Noticed an orange demon
 11667 | D:11     | Noticed a two-headed ogre
 11674 | D:11     | Killed a two-headed ogre
 11675 | D:11     | Reached XP level 11. HP: 93/97 MP: 11/15
 11934 | D:10     | Found a staircase to the Orcish Mines.
 12286 | D:10     | Noticed an orange crystal statue
 12597 | D:11     | Noticed a two-headed ogre
 12603 | D:11     | Killed a two-headed ogre
 12826 | D:11     | Found Ribaar's General Store.
 12827 | D:11     | Noticed a green ugly thing
 12844 | D:11     | Killed a green ugly thing
 12941 | D:11     | Bought 2 potions of heal wounds for 170 gold pieces
 13015 | D:11     | Reached skill level 10 in Fighting
 13463 | D:12     | Noticed a deep elf pyromancer
 13977 | D:12     | Killed a deep elf pyromancer
 14240 | D:12     | Reached **** piety under Qazlal
 14738 | D:12     | Noticed a two-headed ogre
 14954 | D:12     | Noticed a two-headed ogre
 14961 | D:12     | Killed a two-headed ogre
 15400 | D:12     | Reached XP level 12. HP: 73/106 MP: 16/16
 15525 | D:12     | Killed a two-headed ogre
 15706 | D:13     | Noticed a tengu warrior
 15706 | D:13     | Noticed a tengu warrior
 16096 | D:13     | Noticed a centaur warrior
 16104 | D:13     | Killed a centaur warrior
 16253 | D:13     | Noticed a centaur warrior
 16265 | D:13     | Killed a centaur warrior
 16428 | D:13     | Noticed a centaur warrior
 16438 | D:13     | Killed a centaur warrior
 16599 | Lair:1   | Entered Level 1 of the Lair of Beasts
 16731 | D:8      | Reached skill level 10 in Shapeshifting
 17033 | Lair:1   | Noticed a catoblepas
 17042 | Lair:1   | Killed a catoblepas
 17720 | Lair:1   | Reached XP level 13. HP: 75/113 MP: 20/20
 18055 | Lair:2   | Reached skill level 10 in Invocations
 18711 | Lair:2   | Found a hole to the Spider Nest.
 19090 | Lair:2   | Found a staircase to the Swamp.
 19584 | Lair:3   | Reached skill level 11 in Fighting
 20010 | Lair:3   | Identified the staff of Disaster {rPois Will+ Poison}
 20946 | Lair:4   | Found a viscous altar of Jiyva.
 20970 | Lair:4   | Found a staircase to the Slime Pits.
 21010 | Lair:4   | Gained mutation: You have acidic saliva. [Yellow Draconian
                  | growth]
 21010 | Lair:4   | Reached XP level 14. HP: 77/124 MP: 17/21
 21624 | Lair:5   | Entered Level 5 of the Lair of Beasts
 21789 | Lair:5   | Reached skill level 10 in Dodging
 21792 | Lair:5   | Reached skill level 12 in Fighting
 22513 | Lair:5   | Found a runed translucent gate.
 22513 | Lair:5   | Found a runed translucent gate.
 22513 | Lair:5   | Found a runed translucent gate.
 22518 | Lair:5   | Noticed blacky4's ghost (journeyman DjCj)
 23608 | D:10     | Reached skill level 13 in Fighting
 23677 | D:10     | Reached ***** piety under Qazlal
 23878 | D:10     | Found a bloodstained altar of Trog.
 24007 | D:10     | Noticed Nergalle
 24018 | D:10     | Killed Nergalle
 24300 | Orc:1    | Entered Level 1 of the Orcish Mines
 24367 | Orc:2    | Entered Level 2 of the Orcish Mines
 24402 | Orc:1    | Noticed Erica
 24419 | Orc:1    | Killed Erica
 24433 | Orc:1    | Reached XP level 15. HP: 98/136 MP: 22/22
 24501 | Orc:1    | Found a dark tunnel.
 24542 | Volcano  | Entered a volcano
 26096 | Orc:2    | Found a staircase to the Elven Halls.
 26409 | Orc:2    | Found Nuerugow's General Store.
 26450 | Orc:2    | Found Gakad's General Store.
 26581 | Orc:2    | Bought a potion of enlightenment for 60 gold pieces
 26602 | Orc:2    | Noticed MacCMillion's ghost (journeyman MfSh)
 26603 | Orc:2    | Found a runed translucent gate.
 26604 | Orc:2    | Found a runed translucent gate.
 26605 | Orc:2    | Found a runed translucent gate.
 26611 | Orc:2    | Identified the +3 chain mail of Uskayaw {rN+ Str+2}
 27019 | Orc:2    | Reached ****** piety under Qazlal
 27046 | Orc:2    | Found Kemukuet's Antique Weapon Shop.
 27046 | Orc:2    | Found Ucegg's Book Boutique.
 27047 | Orc:2    | Found a one-way gate leading to the halls of Pandemonium.
 27460 | D:13     | Identified the +1 spear of Miopnits {antimagic, rC+ rN+
                  | Str-2}
 27497 | D:13     | Reached skill level 14 in Fighting
 27668 | D:14     | Noticed Urug
 27668 | D:14     | Found a gate to the Vaults.
 27668 | D:14     | You fall into a shaft and drop 1 floor!
 27668 | D:15     | Entered Level 15 of the Dungeon
 27751 | D:14     | Killed Urug
 28207 | D:14     | Identified the +9 spear of Patience {elec, rPois rC- Int+4
                  | Stlth+}
 28416 | D:14     | HP: 4/139 [something (15)]
 29069 | D:15     | Reached XP level 16. HP: 145/147 MP: 25/25
 29286 | D:15     | Reached skill level 15 in Fighting
 29505 | D:15     | Found a staircase to the Depths.
 29842 | Spider:1 | Entered Level 1 of the Spider Nest
 30031 | Spider:1 | HP: 5/149 [spark wasp (16)]
 30031 | Spider:1 | HP: 1/149 [spark wasp (4)]
 31074 | Spider:1 | Paralysed by a jorogumo for 3 turns
 32042 | Swamp:1  | Entered Level 1 of the Swamp
 32042 | Swamp:1  | Found the +1 robe of Vines {NoPotionHeal Regen++++}
 32512 | Swamp:1  | You fall into a shaft and drop 1 floor!
 32689 | Swamp:2  | Found a radiant altar of Vehumet.
 32700 | Swamp:2  | Found a runed translucent door.
 32701 | Swamp:2  | Noticed soonmide's ghost (journeyman GnHs)
 32939 | Swamp:1  | Identified the +1 leather armour "Jiuskuy" {Rampage rF+
                  | Int-4 Dex+5}
 33107 | Swamp:2  | Noticed Roxanne
 33131 | Swamp:2  | Killed Roxanne
 33464 | Swamp:3  | Reached XP level 17. HP: 107/156 MP: 27/27
 34065 | Swamp:4  | Entered Level 4 of the Swamp
 34314 | Swamp:4  | Reached skill level 16 in Fighting
 34523 | Swamp:4  | Reached skill level 15 in Unarmed Combat
 34970 | Swamp:4  | Reached skill level 15 in Shapeshifting
 35259 | Swamp:4  | Got a decaying rune of Zot
 36182 | Spider:2 | Noticed Arachne
 36193 | Spider:2 | Killed Arachne
 36269 | Spider:2 | Reached skill level 17 in Fighting
 37703 | Spider:3 | Reached XP level 18. HP: 156/170 MP: 24/28
 38199 | Spider:3 | Reached skill level 18 in Fighting
 38971 | Spider:3 | Identified 3 scrolls of acquirement
 38972 | Spider:3 | Acquired the ring "Pyrujiul" {AC+4 Dex+5}
 38973 | Spider:3 | Acquired 950 gold pieces
 38974 | Spider:3 | Acquired 874 gold pieces
 39774 | Spider:4 | Entered Level 4 of the Spider Nest
 40626 | Spider:4 | Noticed Gilette's ghost (adept MiFi)
 40627 | Spider:4 | Noticed Olga's ghost (adept TrHW)
 40780 | Spider:4 | Found a transporter.
 40818 | Spider:4 | Found a transporter.
 41450 | Spider:4 | Found a transporter.
 41561 | Spider:4 | Found a transporter.
 42399 | Spider:4 | Reached skill level 19 in Fighting
 42612 | Spider:4 | Got a gossamer rune of Zot
 42806 | Spider:4 | Found a transporter.
 42917 | Spider:4 | Found a transporter.
 43566 | Vaults:1 | Entered Level 1 of the Vaults
 44306 | Vaults:1 | Reached XP level 19. HP: 174/183 MP: 29/29
 45017 | Vaults:1 | Found a portal to a secret trove of treasure.
 46060 | Vaults:2 | Paralysed by a great orb of eyes for 5 turns
 46513 | Vaults:2 | Identified the ring of Gearinli {rPois rN+ Dex+4 Stlth-}
 46565 | Vaults:2 | Noticed Boris
 46580 | Vaults:2 | Killed Boris
 46581 | Vaults:2 | Reached skill level 15 in Invocations
 46829 | Vaults:2 | Found Otseil's General Store.
 46837 | Vaults:2 | Bought a scroll of teleportation for 54 gold pieces
 46837 | Vaults:2 | Bought a wand of roots (3) for 129 gold pieces
 46837 | Vaults:2 | Bought a potion of heal wounds for 90 gold pieces
 47879 | Vaults:3 | Paralysed by a formless jellyfish for 1 turns
 47887 | Vaults:2 | Paralysed by a formless jellyfish for 1 turns
 48048 | Vaults:3 | Reached skill level 20 in Fighting
 48582 | Vaults:3 | Reached XP level 20. HP: 143/193 MP: 31/31
 48824 | Vaults:3 | Found a staircase to the Crypt.
 48824 | Vaults:3 | Found an ancient bone altar of Kikubaaqudgha.
 48824 | Vaults:3 | Found a basalt altar of Yredelemnul.
 50768 | Vaults:5 | Entered Level 5 of the Vaults
 50962 | Elf:1    | Entered Level 1 of the Elven Halls
 51019 | Elf:1    | Noticed Asterion
 51055 | Elf:1    | Killed Asterion
 51089 | Elf:1    | Noticed Frances
 51100 | Elf:1    | Killed Frances
 51260 | Elf:1    | Noticed Donald
 51271 | Elf:1    | Killed Donald
 51302 | Elf:1    | Reached skill level 15 in Dodging
 51898 | Elf:2    | Found a flickering gateway to a bazaar.
 51962 | Bazaar   | Entered a bazaar
 51975 | Bazaar   | Found Saxog's Weapon Emporium.
 52005 | Bazaar   | Found Zitukhoi's Antique Armour Emporium.
 52010 | Bazaar   | Bought a pair of pitted gloves for 171 gold pieces
 52010 | Bazaar   | Identified the +0 pair of gloves of Dithmenos {Drain rPois
                  | rN+++ Stlth+} (You bought it in a shop in a bazaar)
 52010 | Bazaar   | Found Reytul's Magic Scroll Shop.
 52021 | Bazaar   | Bought a scroll of teleportation for 27 gold pieces
 52021 | Bazaar   | Bought a scroll of silence for 85 gold pieces
 52021 | Bazaar   | Bought 3 scrolls of blinking for 202 gold pieces
 52021 | Bazaar   | Found Eruoth's Antique Weapon Boutique.
 52364 | Elf:2    | Identified the ring "Roteiveq" {rPois rF+ rC+++ Slay+2
                  | SInv}
 52502 | Elf:2    | Found a runed translucent gate.
 52502 | Elf:2    | Found a runed translucent gate.
 52509 | Elf:2    | Found a runed translucent gate.
 52659 | Elf:2    | Reached XP level 21. HP: 180/201 MP: 33/33
 53241 | Depths:1 | Entered Level 1 of the Depths
 53264 | Depths:1 | Slain by a deep troll

Illustrated notes

Levels and vault maps discovered:
D:1:      psy_arrival_radial02, layout_loops_ring,
          dilly_ecumenical_altar_fadedgnrine, serial_shops, shop,
          grunt_decor_cap
D:2:      layout_loops_ring
D:3:      layout_loops_ring, nicolae_dithmenos_shadow_blocks,
          amcnicky_altar_gilded, dreamdust_mushroom_princess
D:4:      layout_rooms, nicolae_hepliaklqana_monster_ancestors,
          lemuel_flame_loot_1
D:5:      layout_loops_corners, gup_sewer_entry_spiral
D:6:      layout_loops_cross, tgw_xom, nicolae_eternal_life, uniq_blork_the_orc,
          uniq_pikel
D:7:      layout_basic, nicolae_uskayaw_dance_hall, zin_academy,
          jmf_multi_god_temple, minmay_temple_entry_sparse_star,
          gammafunk_ghost_grave, uniq_duvessa, uniq_maggie
D:8:      layout_layer_cave, lair_entry_dummy
D:9:      layout_roguey, serial_bayou_crossing
D:10:     erik_rubicon_a, layout_irregular_city, trog_wizard, hiddenorc2_lemuel,
          minivault_16, small_statue_alley_b, hangedman_corner_corridor,
          uniq_nergalle
D:11:     layout_irregular_city, serial_shops, shop, nicolae_hexahallways
D:12:     layout_irregular_city
D:13:     layout_basic
D:14:     layout_loops_ring, david_vaults_3, serial_bayou, serial_bayou_ford_a,
          serial_bayou_pond_a, serial_bayou_pond_e, serial_bayou_pond_b,
          serial_bayou_pond_a
D:15:     hangedman_depths_entry_try_elsewhere_first, layout_rooms,
          solitary_fountain
Lair:1:   layout_cave_pods, beast_lair_carwin_11
Lair:2:   layout_gridlike, palyth_hydra_swamp_entry,
          nicolae_spider_entry_orb_guardian
Lair:3:   layout_gridlike, gammafunk_lair_bear_cave
Lair:4:   layout_regular_city, nicolae_slime_entry_field_trip
Lair:5:   evilmike_catoblepas_cave, layout_long_grid, ebering_ghost_rock_garden,
          nicolae_quartered_pool_super
Swamp:1:  layout_basic_swamp, nicolae_swamp_big_swirl
Swamp:2:  layout_basic_swamp, gammafunk_ghost_grave, lemuel_altar_in_water,
          uniq_roxanne
Swamp:3:  layout_basic_swamp, hangedman_swamp_pad, swamp_pool1, st_swamp_ruins_2
Swamp:4:  swamp_alternative, layout_basic_swamp, swamp_pool4
Spider:1: nicolae_spider_hilbert_zone_3 [nicolae_spider_hilbert_4_sides_2_open,
          nicolae_spider_hilbert_3_sides_1_open,
          nicolae_spider_hilbert_3_sides_1_open,
          nicolae_spider_hilbert_3_sides_1_open,
          nicolae_spider_hilbert_3_sides_1_open,
          nicolae_spider_hilbert_4_sides_1_open,
          nicolae_spider_hilbert_4_sides_1_open,
          nicolae_spider_hilbert_4_sides_1_open,
          nicolae_spider_hilbert_4_sides_1_open,
          nicolae_spider_hilbert_4_sides_1_open,
          nicolae_spider_hilbert_4_sides_1_open,
          nicolae_spider_hilbert_4_sides_1_open,
          nicolae_spider_hilbert_4_sides_1_open,
          nicolae_spider_hilbert_3_sides_1_open,
          nicolae_spider_hilbert_3_sides_1_open,
          nicolae_spider_hilbert_3_sides_1_open,
          nicolae_spider_hilbert_3_sides_1_open]
Spider:2: layout_spider_delve, uniq_arachne
Spider:3: layout_cave_pods
Spider:4: spider_rune_water, nzn_ghost_randoct, nicolae_spider_bug_shape
Orc:1:    layout_diamond_mine, nicolae_volcano_entry_vermiform,
          hangedman_minor_magic, uniq_erica
Orc:2:    pf_orc_diabolical, layout_caves, biasface_ghost_orc_armoury,
          roderic_batcave
Elf:1:    kennysheep_bubbly, layout_rooms, kennysheep_underground_church,
          uniq_asterion, uniq_donald, uniq_frances
Elf:2:    elven_hall_of_blades_hangedman_original [nicolae_blade_bullseye],
          layout_gridlike, serial_shops, bzr_entry_dummy
Vaults:1: v_rooms_1, nicolae_vaults_mitosis, nicolae_vaults_storage_closets_3,
          hangedman_vaults_corner_blocks, nicolae_vaults_asterisk,
          nicolae_vaults_alarming, nicolae_vaults_trapezoid_lopsided_3,
          layout_vaults_quadrants, enter_trove_6
Vaults:2: nicolae_vaults_hexular_roomagon,
          nicolae_vaults_windows_and_doors_thing,
          vaults_mumra_minichess_inversion, vaults_room_door_ring, v_misc_30,
          v_misc_9, grunt_vaults_funnel, v_misc_11, nicolae_vaults_back_hallway,
          layout_vaults_maze_snakey, serial_shops, shop, uniq_boris
Vaults:3: vaults_dpeg_emergency_exit, vaults_room_boxed,
          minmay_crypt_entry_necro_gods, nicolae_vaults_ninety_degrees,
          hangedman_vaults_stitches, nicolae_vaults_big_angled_halls,
          vaults_room_hallway, v_alt_pattern_2, v_pattern_1,
          ontoclasm_vaults_tryst, nicolae_vaults_closet_pinwheel_1,
          layout_vaults_ring
Vaults:4: dpeg_vaults_monster_box, grunt_vaults_trifunnel,
          nicolae_vaults_closet_pinwheel_5, ontoclasm_vaults_gallery,
          nicolae_vaults_little_squares_2, nicolae_vaults_variable_pillar_hall,
          ontoclasm_vaults_pinch, nicolae_vaults_rhombus_5,
          nicolae_vaults_tetromino_T_1, ontoclasm_vaults_decontamination,
          layout_vaults_big_room
Vaults:5: serial_shops, uniq_mennas
Depths:1: layout_cave_shapes, serial_shops, nicolae_square_shop, hell_entry,
          nicolae_abyss_entry_one_way_or_another, kennysheep_doodads,
          guppyfry_shop_blood, nicolae_triple_integral, minmay_shop_star,
          serial_bayou_shore_b, serial_bayou_shore_b

Skill      XL: |  1  2  3  4  5  6  7  8  9 10 11 12 13 14 15 16 17 18 19 20 |
---------------+-------------------------------------------------------------+-----
Fighting       | 2 3 4 6 7 8 9 10 11 13 14 15 17 19 20 | 20.0
Unarmed Combat | 4 5 6 8 9 10 11 12 13 14 16 17 18 | 18.0
Dodging        | 3 5 6 7 8 9 11 12 13 15 | 15.6
Shapeshifting  | 4 5 6 8 10 11 12 13 14 15 16 17 | 17.4
Invocations    | 4 6 9 10 12 14 15 17 | 17.0

Action                     |  1- 3 |  4- 6 |  7- 9 | 10-12 | 13-15 | 16-18 | 19-21 || total
---------------------------+-------+-------+-------+-------+-------+-------+-------++-------
  Melee: Unarmed           |   103 |   156 |   260 |   531 |  1000 |  1089 |   791 ||  3930
         Tailslap          |    19 |    20 |    25 |    73 |   166 |   181 |   190 ||   674
         Punch             |       |     2 |     9 |    34 |    99 |    96 |   120 ||   360
         Bite              |       |       |       |       |    95 |   132 |   140 ||   367
 Invoke: Upheaval          |       |       |       |    14 |    23 |    26 |     5 ||    68
         Elemental Force   |       |       |       |       |       |     7 |    13 ||    20
Ability: Breathe Acid      |       |       |    20 |    32 |    35 |    58 |    10 ||   155
    Use: Scroll            |       |       |     4 |     7 |     8 |    20 |     1 ||    40
         Potion            |       |       |     1 |     2 |     3 |     9 |     2 ||    17
   Stab: Sleeping          |     1 |     1 |       |       |       |       |       ||     2
         Paralysed         |       |       |       |       |       |     5 |    13 ||    18
         Confused          |       |       |       |       |       |     1 |       ||     1
         Distracted        |       |       |       |       |       |       |     2 ||     2
 Armour: Skin              |    23 |    37 |    68 |   113 |   160 |   296 |   168 ||   865
  Dodge: Dodged            |    59 |    73 |   160 |   295 |   720 |  1160 |   513 ||  2980
         Repelled          |       |       |       |       |    13 |    15 |    10 ||    38
  Block: Other             |       |       |    14 |    75 |   249 |   442 |   199 ||   979
   Form: Blade             |       |       |       |     1 |       |       |       ||     1

Table legend: (Time is in decaauts)
 A = Elapsed time spent in this place.
 B = Non-inter-level travel time spent in this place.
 C = Inter-level travel time spent in this place.
 D = Time resting spent in this place.
 E = Time spent auto-exploring this place.
 F = Levels seen in this place.
 G = Mean time per level.
                   A        B        C        D        E       F      G
               +--------+--------+--------+--------+--------+-----+--------+
         Total |  52794 |  48446 |   4348 |  14237 |  24268 |  41 | 1287.7 |
       Dungeon |  20903 |  18684 |   2219 |   5310 |  10295 |  15 | 1393.5 |
          Lair |   7346 |   6773 |    573 |   1990 |   3266 |   5 | 1469.2 |
         Swamp |   3824 |   3609 |    215 |    977 |   1549 |   4 |  956.0 |
   Spider Nest |   9253 |   8605 |    648 |   3267 |   3715 |   4 | 2313.2 |
  Orcish Mines |   1856 |   1583 |    273 |    112 |    842 |   2 |  928.0 |
   Elven Halls |   1957 |   1838 |    119 |    644 |    833 |   2 |  978.5 |
        Vaults |   6931 |   6634 |    297 |   1870 |   3428 |   5 | 1386.2 |
        Depths |     16 |     16 |      0 |      0 |      0 |   1 |   16.0 |
        Bazaar |     98 |     98 |      0 |      0 |     58 |   1 |   98.0 |
         Sewer |    183 |    183 |      0 |     14 |    108 |   1 |  183.0 |
       Volcano |    421 |    421 |      0 |     51 |    173 |   1 |  421.0 |
               +--------+--------+--------+--------+--------+-----+--------+

Top non-repeatable levels by time:
Spider:4: 2854 daAuts
Vaults:2: 2472 daAuts
    D:11: 2452 daAuts
Spider:1: 2451 daAuts
Spider:3: 2279 daAuts
     D:7: 2033 daAuts
    D:10: 2031 daAuts
    D:12: 1919 daAuts
  Lair:2: 1783 daAuts
Vaults:1: 1711 daAuts
     D:6: 1672 daAuts
Spider:2: 1669 daAuts
Vaults:3: 1624 daAuts
  Lair:1: 1609 daAuts
     D:9: 1487 daAuts
